Arrhythmia, chaotic female vampiric Convict ------ --- --- -- ----- --.|..---.---.-- --. |...| ---- |......|.......| -...--- ---...-- ------ --..---|.............-- ..... |......| ....-- |.....--.............| ...-- ---.-....-- --..--- --- |.............--.....| -..---...>.....| --...@.| ..| ---..........-||....-- -.............| --.-..'.|-----.--- --..........|---.-- |.............| |.......--..--...| --.*...--..-- --- |--...........| |.......(........------------...-..---------------- |...--.|......| --........%...%%.)..............^.(...............---------.--------....| ----*...........-.-.--.-------....-------------........).%.| --...| --...%...........%..).--- |.....--- |.........-------- --..| |...............%)().0..-- ----....| --...---..--- --- |.--.|....)......)..[....---- |....| ----- --...| -- -----0...................-----..-- ---.---- ---- -----..................---...---- |....-------..| ----......*.........|.......| ---...^.......| ---.|.--....--..---......| |..-----..--- --------..|---- ---.|.-- ---- ---- ---- ----- Arrhythmia the Jail-bird Experience level: 8 Strength: 17 Dexterity: 10 Constitution: 20 Intelligence: 11 Wisdom: 9 Charisma: 9 Health: 0(90) Energy: 46(46) AC: 4 Gold: 465 Moves: 3976 Your Inventory: Coins $ - 465 gold pieces Armor b - a cursed +0 striped shirt (being worn) v - a cursed +0 hard hat [dwarvish iron helm] (being worn) C - an [uncursed] +0 leather cloak (being worn) D - an [uncursed] +0 small shield (being worn) E - an [uncursed] +0 pair of walking shoes [low] (being worn) K - a [cursed -1] mummy wrapping [of reflection] M - an [uncursed] +0 pair of old gloves [leather] (being worn) Scrolls t - a [blessed] unlabeled scroll [of blank paper] u - 2 [uncursed] unlabeled scrolls [of blank paper] Wands J - an [uncursed] wand of teleportation [0:4] L - an [uncursed] wand of striking [0:0] Tools a - an [uncursed +0] unicorn horn s - an [uncursed] pair of lenses F - an [uncursed] looking glass [mirror] I - an [uncursed] brass lantern Iron balls c - an [uncursed] heavy iron ball (chained to you) (weapon in hand) Spells known in the end: Name Level Category Fail Memory a - create monster 2 clerical 100% [|||||||.] Your skills at the end: Fighting Skills Weapon Skills sling [Basic / Skilled] Spellcasting Skills Final Attributes: You had transgressed. Hunger level was 12. Your alignment was -16 / 29. Monster difficulty range was 1 - 7. Level difficulty was 6. You were immune to poison. You were immune to level-drain. You were immune to sickness. You were punished. You could fly. You could survive without air. You regenerated. Your luck was zero. You are dead. Vanquished creatures: 6 watchmen a black light an orc mummy a dwarf mummy a dog a white unicorn a dust vortex a plains centaur a gnome mummy a water nymph an orc shaman a yellow light 5 gnome lords 2 gnomish wizards a black naga hatchling a gray ooze 5 elf zombies 2 ghouls 2 paper golems 2 floating eyes 9 dwarves a rothe 2 centipedes a giant bat an acid blob 4 hobbits 5 manes 2 giant rats a cave spider a red mold 39 gnomes 3 gnome zombies 2 geckos 3 jackals a fox a goblin 4 sewer rats 7 grid bugs 2 kobold zombies a newt 127 creatures vanquished. Voluntary challenges: You went without food. You never hit with a wielded weapon. You read items or engraved 4 times. You put on armor 17 times. You never genocided any monsters. You never polymorphed an object. You never changed form. You used no wishes. You abstained from Elbereth's help. You never encountered a bones level. You never used any Sokoban shortcuts. Dungeon overview: The Dungeons of Doom: levels 1 to 2 Level 1 a fountain a long staircase Level 2 stairs to The Gnomish Mines The Gnomish Mines: levels 3 to 6 Level 3 stairs to The Dungeons of Doom Level 5 a general store, a fountain Level 6 <- You were here History has recorded: On T:1 you entered the Dungeons of Doom to retrieve the Amulet of Yendor! On T:622 you reached level 2 of The Dungeons of Doom. On T:625 you advanced to experience level 2. On T:745 you advanced to experience level 3. On T:769 you reached level 1 of The Gnomish Mines. On T:779 you advanced to experience level 4. On T:802 you advanced to experience level 5. On T:1125 you reached level 2 of The Gnomish Mines. On T:1143 you advanced to experience level 6. On T:1497 you advanced to experience level 7. On T:1713 you reached level 3 of The Gnomish Mines. On T:1954 you reached level 4 of The Gnomish Mines. On T:3230 you advanced to experience level 8. Latest messages: The gold golem hits! (2x) [HP-7=49] [HP+1=50] The gold golem hits! (2x) [HP-5=45] The gold golem hits! (2x) [HP-6=39] The gold golem hits! (2x) [HP-9=30] [HP+1=31] The gold golem hits! (2x) [HP-10=21] The gold golem hits! (2x) [HP-9=12] The gold golem hits! (2x) [HP-9=3] You hit the gold golem! You bite the gold golem. [HP+1=4] You miss the gold golem. You bite the gold golem. The gold golem hits! You die... Final status: Goodbye Arrhythmia the Convict... You died in The Gnomish Mines on dungeon level 6 with 5239 points, and 465 pieces of gold, after 3976 moves. You were level 8 with a maximum of 90 hit points when you died.